 Dungeon Crawl Stone Soup version 0.22-a0-533-g4d20840 (webtiles) character file.

19 KarmaPolice the Charmwright (level 2, 24/24 HPs)
             Began as a Barachi Skald on Jan 12, 2017.
             Quit the game on level 1 of the Dungeon on June 22, 2018.
             The game lasted 00:03:08 (955 turns).

KarmaPolice the Charmwright (Barachi Skald)          Turns: 955, Time: 00:03:09

Health: 24/24      AC:  3    Str:  9    XL:     2   Next: 75%
Magic:  5/5        EV: 11    Int: 11    God:
Gold:   32         SH:  0    Dex: 10    Spells: 5/6 levels left

rFire    . . .     SeeInvis .   a - +0 falchion
rCold    . . .     Gourm    .   (no shield)
rNeg     . . .     Faith    .   b - +0 leather armour
rPois    .         Spirit   .   (no helmet)
rElec    .         Reflect  .   (no cloak)
rCorr    .         Harm     .   (no gloves)
MR       .....                  (no boots)
Stlth    +.........             (no amulet)
HPRegen  0.08/turn              (no ring)
MPRegen  0.09/turn              (no ring)

@: slow
A: +LOS, swims, slowness 1, strong legs 1
a: Hop


You were on level 1 of the Dungeon.
You were not hungry.

You visited 1 branch of the dungeon, and saw 1 of its levels.

You collected 32 gold pieces.

Inventory:

Hand Weapons
 a - a +0 falchion (weapon)
Armour
 b - a +0 leather armour (worn)
Scrolls
 c - a scroll of amnesia {unknown}
 e - a scroll of identify {unknown}
 f - a scroll of immolation {unknown}
 g - 3 scrolls of removedness
 k - a scroll of teleportation {unknown}
Potions
 h - a potion of brilliance {unknown}
 i - a potion of curing {unknown}
 j - a potion of haste {unknown}
Comestibles
 d - a ration


   Skills:
 + Level 3.0 Fighting
 + Level 2.9 Long Blades
 - Level 1.2 Armour
 - Level 2.1 Dodging
 + Level 2.5 Spellcasting
 + Level 3.3 Charms


You had 5 spell levels left.
You knew the following spells:

 Your Spells              Type           Power        Failure   Level  Hunger
a - Infusion              Chrm           #...         10%         1    ##.....

Your spell library contained the following spells:

 Spells                   Type           Power        Failure   Level  Hunger
 Regeneration             Chrm/Necr      #.........   50%         3    ####...
 Shroud of Golubria       Chrm/Tloc      #.........   28%         2    ###....
 Song of Slaying          Chrm           #.......     14%         2    ###....
 Spectral Weapon          Hex/Chrm       #.......     50%         3    ####...


Dungeon Overview and Level Annotations

Branches:
Dungeon (1/15)

Altars:


Innate Abilities, Weirdness & Mutations

Shadows flee at your approach. (+LOS)
You can swim through water.
You cover ground slowly.
You can hop short distances.


Message History

You now have 32 gold pieces (gained 11).
j - a ruby potion
Found a hand axe.
g - 3 scrolls of removedness (gained 1)
You see here a giant cockroach corpse.
This item has been removed, sorry!
Okay, then.
k - a scroll labeled BECAEF LINE A kobold comes into view.
The kobold shouts!
The kobold hits you but does no damage.
You hit the kobold.
You kill the kobold!
No target in view!
No target in view!
No target in view!
You see here a hunting sling.
Quiver which item? (- for none, * to show all) (? for menu, Esc to quit)
Okay, then.
Are you sure you want to abandon this character and quit the game? (Confirm with "yes".)

...#........#.#...........#######
..........#......####..##.##
......#........#.#.#.......#
..........#....##)).##.....#
##.#......##...#.....#.....#
...#......###..##...##.....######
..##......###....#.#.#......^....
..##......#.....####.............
#..###..........@................
##.# #..>......###...............
........##...# #...............
.......#.##..)# #...............
.###...#.##....###..#..#........
...#...##. #..................
###.##..# #....##............ #.
... ...... .....#....... #..
......##.#.....###.#


There were no monsters in sight!

Vanquished Creatures
  A dart slug (D:1)
  A leopard gecko (D:1)
  2 bats (D:1)
  A giant cockroach (D:1)
  A goblin (D:1)
  2 hobgoblins (D:1)
  2 frilled lizards (D:1)
  3 kobolds (D:1)
  2 rats (D:1)
15 creatures vanquished.

Notes
Turn   | Place    | Note
-------+----------+-------------------------------------------
     0 | D:1      | KarmaPolice the Barachian Skald began the quest for the Orb.
     0 | D:1      | Reached XP level 1. HP: 16/16 MP: 3/3
    38 | D:1      | Upgraded the game from 0.20-a0-465-g6513c8f to 0.22-a0-135-g6f012ad
   488 | D:1      | Reached XP level 2. HP: 16/23 MP: 5/5
   955 | D:1      | Quit the game

Vault maps used:
D:1:      sevenhm_arrival_forest_fort_small_4, minmay_hexomino_f4

Skill      XL: |  1  2 |
---------------+-------+-----
Fighting       | 3 |  3.0
Long Blades    | |  2.9
Armour         | |  1.2
Dodging        | |  2.1
Spellcasting   | |  2.5
Charms         | |  3.3

Action                   || total
-------------------------++-------
Melee: Falchion          ||    45
 Cast: Infusion          ||     1
Armor: Leather armour    ||    11
Dodge: Dodged            ||    37
       Rpst.: Falchion   ||     7

Table legend:
 A = Spawn XP
 B = Non-spawn XP
 C = Spawn XP percentage of total XP
 D = Spawn monster count
 E = Non-spawn monster count
 F = Spawn count percentage of total count
 G = Total turns spent on level
                    A         B        C        D         E        F      G
               +---------+---------+-------+---------+---------+-------+---------
         Total |       0 |       0 |   N/A |       0 |       0 |   N/A |   917
               +---------+---------+-------+---------+---------+-------+---------
               +---------+---------+-------+---------+---------+-------+---------
